 Dungeon Crawl Stone Soup version 0.17-a0-1840-g87820a2 (webtiles) character file.

2076 4thArraOfDagon the Grappler (level 9, -1/83 HPs)
             Began as a Troll Chaos Knight on Sept 16, 2015.
             Was an Initiate of Cheibriados.
             Slain by a quicksilver dragon (3 damage)
             ... on level 1 of the Abyss.
             The game lasted 00:10:43 (2133 turns).

4thArraOfDagon the Grappler (Troll Chaos Knight)    Turns: 2133, Time: 00:10:43

Health: -1/83      AC:  6    Str: 21    XL:     9   Next: 6%
Magic:  9/9        EV: 18    Int: 12    God:    Cheibriados [......]
Gold:   133        SH:  0    Dex: 13    Spells: 0 memorised, 8 levels left

rFire  + . .     SeeInvis .       - Unarmed
rCold  . . .     Clarity  .     a - +2 robe
rNeg   . . .     SustAt   +     (no shield)
rPois  .         Gourm    +     (helmet restricted)
rElec  .         Spirit   .     (no cloak)
rCorr  .         Warding  .     (gloves unavailable)
rMut   .         Stasis   .     (boots unavailable)
MR     .....                    (no amulet)
Stlth  ++........               y - ring of sustain attributes
                                t - ring of protection from fire

@: agile, very slow, not resistant to hostile enchantments, unstealthy
A: unfitting armour, claws 3, repulsion field 1, blurry vision 1, clumsy 1,
deformed body, fast metabolism 3, gourmand, regeneration 2, shaggy fur 1, tough
skin 2, weak 1
a: Bend Time, Renounce Religion


You were on level 1 of the Abyss.
You worshipped Cheibriados.
Cheibriados was noncommittal.
You were hungry.

You visited 2 branches of the dungeon, and saw 9 of its levels.
You visited the Abyss 1 time.

You collected 133 gold pieces.

Inventory:

Missiles
 h - 15 sling bullets
Armour
 a - a +2 robe (worn)
Jewellery
 i - an uncursed ring of ice
 r - an uncursed amulet of stasis
 t - a ring of protection from fire (left claw)
 y - a ring of sustain attributes (right claw)
Magical devices
 m - a wand of random effects (12)
Scrolls
 c - a scroll of noise
 e - a scroll of enchant armour
 n - 2 scrolls of remove curse {unknown}
 q - a scroll of fear {unknown}
 s - a scroll of blinking
Potions
 d - a potion of degeneration
 f - 2 potions of flight
 g - 2 potions of brilliance
 u - a potion of poison
 v - 3 potions of curing
Comestibles
 b - 5 bread rations
 k - 2 beef jerkies
 l - 3 meat rations
 p - 5 fruits


   Skills:
 + Level 3.2 Fighting
 + Level 2.9 Dodging
 * Level 11.2 Unarmed Combat
 + Level 2.1 Invocations


You had 8 spell levels left.
You didn't know any spells.

Dungeon Overview and Level Annotations

Branches:
Dungeon (8/15)             Temple (1/1) D:7
   Lair: D:8-11

Altars:
Ashenzari
Cheibriados
Dithmenos
Elyvilon
Fedhas
Gozag
Makhleb
Nemelex Xobeh
Okawaru
Qazlal
Sif Muna
Trog
Vehumet
Xom
The Shining One


Innate Abilities, Weirdness & Mutations

You are too large for most types of armour.
You have claws for hands.
Your metabolism is lightning-fast.
You like to eat raw meat.
You heal very quickly.
You are covered in fur (AC +1).
You have very tough skin (AC +2).
You are surrounded by a mild repulsion field (EV +2).
Scrolls take you a little longer to read.
You are clumsy. (Dex -2)
Armour fits poorly on your strangely shaped body.
You are weak. (Str -2)


Message History

The bolt of dispelling energy misses you.
Unknown command.
You scratch the quicksilver dragon but do no damage.
The quicksilver dragon is lightly wounded.
The quicksilver dragon bites you!
* * * LOW HITPOINT WARNING * * *
The quicksilver dragon claws you but does no damage.
Unknown command.
Drink which item? (? for menu, Esc to quit)
You feel much better. The quicksilver dragon bites you.
The quicksilver dragon claws you! The quicksilver dragon bites you!!
* * * LOW HITPOINT WARNING * * *
The quicksilver dragon claws you!
* * * LOW HITPOINT WARNING * * *
Unknown command.
Read which item? (? for menu, Esc to quit)
Really read with blurry vision while enemies are nearby?
The quicksilver dragon bites you.
You die...
Xom chuckles heartily!

... # . .. ##
#.... .# .... #
.#.######..## .
.........#..# ..#
##..##..#..#
#..#..G......#.#
#......#..# . #
.....#WD#..#.#..#
..#. #.#@.##. .#
#.#.#....# .#
###.##... .. #. .
. ##.## .# .. . .
##


You could see a quicksilver dragon, a shining eye and a hungry ghost.

Vanquished Creatures
  An orb spider (Abyss:1)
  Grinder (D:5)
  The ghost of Rayvis the Chopper, an average MiFi of Okawaru (D:8)
  3 ogres
  2 centaurs
  2 giant frogs (D:6)
  A scorpion (D:7)
  5 killer bees (D:7)
  An iron imp (Abyss:1)
  2 orc priests (D:5)
  2 hounds
  A jelly (D:6)
  A giant frog zombie (D:7)
  2 giant frog skeletons
  2 orc wizards
  4 worker ants
  Robin (D:3)
  8 adders
  3 gnolls (D:6)
  An ufetubus (Abyss:1)
  A worm (D:3)
  2 giant geckos
  6 orcs
  6 hobgoblins
  5 jackals
  3 quokkas
  2 bats
  3 giant newts
  8 goblins
  A jackal skeleton (D:5)
  4 kobolds
  A quokka skeleton (D:6)
  2 rats
88 creatures vanquished.

Vanquished Creatures (others)
  2 orcs (D:4)
2 creatures vanquished.

Grand Total: 90 creatures vanquished

Notes
Turn   | Place    | Note
--------------------------------------------------------------
     0 | D:1      | 4thArraOfDagon the Troll Chaos Knight began the quest for the Orb.
     0 | D:1      | Reached XP level 1. HP: 22/22 MP: 0/0
    32 | D:1      | XOM: divination: magic mapping
   108 | D:2      | Reached XP level 2. HP: 29/29 MP: 1/1
   193 | D:2      | Reached skill level 4 in Unarmed Combat
   299 | D:3      | Noticed Robin
   317 | D:3      | Reached XP level 3. HP: 29/36 MP: 2/2
   340 | D:3      | Killed Robin
   460 | D:4      | XOM: destruction
   462 | D:4      | Reached XP level 4. HP: 39/44 MP: 3/3
   464 | D:4      | Reached skill level 5 in Unarmed Combat
   571 | D:4      | Reached XP level 5. HP: 46/50 MP: 4/4
   661 | D:4      | Reached skill level 6 in Unarmed Combat
   744 | D:5      | Entered Level 5 of the Dungeon
   761 | D:5      | Reached XP level 6. HP: 49/59 MP: 5/5
   776 | D:5      | Found a sparkling altar of Nemelex Xobeh.
   834 | D:6      | XOM: enchant monster (good)
   843 | D:6      | XOM: chaos upgrade
   844 | D:6      | Reached skill level 7 in Unarmed Combat
   962 | D:6      | Found a bloodstained altar of Trog.
  1002 | D:6      | XOM: 1-stop teleportation journey
  1023 | D:6      | Reached skill level 8 in Unarmed Combat
  1023 | D:6      | Reached XP level 7. HP: 63/66 MP: 6/6
  1107 | D:5      | XOM: summons 3 hostile demons
  1175 | D:5      | Noticed Grinder
  1184 | D:5      | Killed Grinder
  1184 | D:5      | Reached skill level 9 in Unarmed Combat
  1273 | D:4      | Noticed an ogre
  1282 | D:4      | Killed an ogre
  1373 | D:4      | XOM: give mutations
  1373 | D:4      | Gained mutation: You are surrounded by a mild repulsion field (EV +2). [Xom's mischief]
  1373 | D:4      | Gained mutation: You are weak. (Str -2) [Xom's mischief]
  1408 | D:6      | XOM: chaos upgrade
  1511 | D:7      | XOM: noise
  1538 | D:7      | Reached XP level 8. HP: 71/74 MP: 7/7
  1545 | D:7      | Reached skill level 10 in Unarmed Combat
  1610 | D:7      | XOM: fake destruction
  1626 | D:7      | Found a staircase to the Ecumenical Temple.
  1632 | Temple   | Entered the Ecumenical Temple
  1647 | Temple   | XOM: divination: detect creatures
  1664 | Temple   | XOM: colour smoke trail
  1667 | Temple   | Fell from the grace of Xom
  1667 | Temple   | Became a worshipper of Cheibriados the Contemplative
  1723 | D:7      | Found a burning altar of Makhleb.
  1788 | D:7      | XOM: medium Necr miscast
  1857 | D:8      | Noticed Rayvis's ghost (average MiFi)
  1865 | D:8      | Killed Rayvis's ghost
  1865 | D:8      | Reached skill level 1 in Invocations
  1875 | D:8      | Cast into the Abyss (Xom)
  1936 | Abyss:1  | Noticed an orb spider
  1948 | Abyss:1  | XOM: give mutations
  1948 | Abyss:1  | Gained mutation: Scrolls take you a little longer to read. [Xom's mischief]
  1948 | Abyss:1  | Gained mutation: Armour fits poorly on your strangely shaped body. [Xom's mischief]
  1948 | Abyss:1  | Gained mutation: You are clumsy. (Dex -2) [Xom's mischief]
  1963 | Abyss:1  | Killed an orb spider
  1963 | Abyss:1  | Reached skill level 11 in Unarmed Combat
  1963 | Abyss:1  | Reached XP level 9. HP: 60/83 MP: 7/9
  2042 | Abyss:1  | Noticed a green death
  2110 | Abyss:1  | XOM: noise
  2122 | Abyss:1  | Noticed a quicksilver dragon
  2124 | Abyss:1  | Noticed a shining eye
  2132 | Abyss:1  | HP: 1/83 [quicksilver dragon (7)]
  2133 | Abyss:1  | Slain by a quicksilver dragon

Vault maps used:
D:1:      minmay_arrival_radiant_lines, serial_park_tiny_pond
D:3:      nicolae_ru_path_of_blood, overflow_temple_1_default,
          lemuel_zombie_altar_yredelemnul, minmay_misc_feat_hallway,
          uniq_sigmund, uniq_iyjb, uniq_robin
D:4:      first_bread, uniq_pikel
D:5:      basic_altar, nemelex_spade_bored_becter, uniq_grinder
D:6:      trog_book
D:7:      minmay_temple_entry_metal_lava, basic_altar
D:8:      grunt_ogre_cave, nrook_loot_triangle, minmay_crystal_room
Temple:   nicolae_temple_elliptical

Action                   |  1- 3 |  4- 6 |  7- 9 || total
-------------------------+-------+-------+-------++-------
Melee: Unarmed           |    65 |    83 |   142 ||   290
Throw: Throwing net      |       |       |     1 ||     1
Evoke: Wand              |       |       |     6 ||     6
  Use: Scroll            |       |     6 |     8 ||    14
       Potion            |       |       |     5 ||     5
 Stab: Invisible         |       |     1 |     1 ||     2
       Petrifying        |       |     1 |       ||     1
       Confused          |       |       |     1 ||     1
       Paralysed         |       |       |     1 ||     1
  Eat: Chunk             |     7 |     3 |    12 ||    22
